 Dungeon Crawl Stone Soup version 0.31-a0-889-g1a8549509d (webtiles) character file.

Game seed: 349466999954380950

76171 GigaChad the Cleaver (level 16, 0/105 HPs) *EXPLORE*
             Began as a Kobold Fighter on Oct 16, 2023.
             Slain by a vampire (8 damage)
             ... on level 3 of the Abyss on Oct 17, 2023.
             The game lasted 00:36:04 (19608 turns).

GigaChad the Cleaver (Kobold Fighter)              Turns: 19608, Time: 00:36:05

Health: 0/105      AC: 17    Str: 16      XL:     16   Next: 1%
Magic:  12/12      EV:  6    Int:  1 (6)  God:
Gold:   1698       SH:  5    Dex: 11      Spells: 15/15 levels left

rFire   . . .        k - +5 war axe (heavy)
rCold   . . .        c - +0 buckler
rNeg    . . .        C - +1 crystal plate armour
rPois   +            (no helmet)
rElec   .            t - +1 cloak {rPois}
rCorr   .            (no gloves)
SInv    .            (no boots)
Will    +....        u - amulet of regeneration Stlth
                     g - ring of poison resistance
HPRegen 0.00/turn    (no ring)
MPRegen 0.13/turn

%: random rage (9%)
@: berserking, sick, inhibited regen, slowed, lost intelligence, unable to read
A: small, no large weapons, nightstalker 3, [berserk 2], [clumsy 2], [deformed
body], [deterioration 2], [dopey 2], [frail 3], [low MP 2], [screaming 2],
[inhibited regeneration], ([teleportitis 2]), [weak 2], [subdued magic 2],
inability to read after injury 1[+1]
a: no special abilities


You were on level 3 of the Abyss.
You visited 4 branches of the dungeon, and saw 18 of its levels.
You visited the Abyss 2 times.
You also visited: Bailey.

You collected 1698 gold pieces.

Inventory:

Hand Weapons
 k - a +5 heavy war axe (weapon)
 K - a +0 demon whip of venom
Missiles
 f - 4 throwing nets
Armour
 c - a +0 buckler (worn)
 t - a +1 cloak of poison resistance (worn)
 v - +0 steam dragon scales
 C - a +1 crystal plate armour (worn)
Jewellery
 e - a ring of protection from cold
 g - a ring of poison resistance (left hand)
 u - an amulet of regeneration (around neck)
 P - an amulet of reflection
Talismans
 p - a serpent talisman
Wands
 n - a wand of charming (9)
 s - a wand of flame (11)
 x - a wand of roots (21)
 G - a wand of acid (13)
 M - a wand of digging (7)
Scrolls
 m - 3 scrolls of fear
 y - a scroll of fog
 z - 3 scrolls of teleportation
 A - 7 scrolls of identify
 F - a scroll of amnesia
 H - a scroll of enchant weapon
 I - 2 scrolls of torment
 J - 2 scrolls of poison
 L - a scroll of immolation
 N - 2 scrolls of blinking
Potions
 a - 2 potions of invisibility
 b - a potion of resistance
 d - 3 potions of might
 h - a potion of degeneration
 i - 3 potions of lignification
 j - a potion of berserk rage
 l - 5 potions of brilliance
 o - a potion of haste
 q - 2 potions of cancellation
 r - 2 potions of heal wounds {unknown}
 w - 2 potions of mutation {unknown}
 B - a potion of attraction {unknown}
 D - 2 potions of curing {unknown}
 O - 8 potions of ambrosia
Miscellaneous
 E - a box of beasts


   Skills:
 * Level 11.5 Fighting
 * Level 12.6 Axes
 * Level 11.2 Armour
 * Level 10.0 Dodging
 * Level 12.0 Stealth
 * Level 7.5 Shields
 * Level 7.4 Shapeshifting


You had 15 spell levels left.
You didn't know any spells.
Your spell library contained the following spells:

 Spells                   Type           Power      Damage    Failure   Level
 Apportation              Tloc           0%         N/A       100%        1
 Freeze                   Ice            0%         1d3       100%        1
 Kiss of Death            Conj/Necr      0%         2d5       100%        1
 Necrotise                Necr           0%         1d4       100%        1
 Slow                     Hex            0%         N/A       100%        1
 Summon Small Mammal      Summ           0%         N/A       100%        1
 Blink                    Tloc           0%         N/A       100%        2
 Lesser Beckoning         Tloc           0%         N/A       100%        2
 Momentum Strike          Conj/Tloc      0%         3d8       100%        2
 Confusing Touch          Hex            0%         N/A       100%        3
 Frozen Ramparts          Ice            0%         1d1       100%        3
 Hailstorm                Conj/Ice       0%         3d3       100%        3
 Inner Flame              Hex/Fire       0%         N/A       100%        3
 Sigil of Binding         Hex            0%         N/A       100%        3
 Stone Arrow              Conj/Erth      0%         3d7       100%        3
 Vampiric Draining        Necr           0%         2d6       100%        3
 Animate Armour           Summ/Erth      0%         N/A       100%        4
 Dispel Undead            Necr           0%         3d6       100%        4
 Flame Wave               Conj/Fire      0%         2d4       100%        4
 Petrify                  Tmut/Erth      0%         N/A       100%        4
 Sticky Flame             Conj/Fire      0%         2d3       100%        4
 Vhi's Electric Charge    Tloc/Air       0%         N/A       100%        4
 Arcjolt                  Conj/Air       0%         1d10      100%        5
 Metabolic Englaciation   Hex/Ice        0%         N/A       100%        5
 Summon Forest            Summ/Tloc      0%         N/A       100%        5
 Eringya's Noxious Bog    Tmut/Pois      0%         4d6       100%        6
 Summon Hydra             Summ           0%         N/A       100%        7
 Lehudib's Crystal Spear  Conj/Erth      0%         10d2      100%        8
 Maxwell's Capacitive Co  Air            0%         ∞         100%        8


Dungeon Overview and Level Annotations

Branches:
Dungeon (11/15)            Temple (1/1) D:4            Lair (5/5) D:9
 Shoals (0/4) Lair:2        Snake (1/4) Lair:2        Slime (0/5) Lair:4
 Bailey (visited)
    Orc: D:9-12

Altars:
Ashenzari
Cheibriados
Dithmenos
Elyvilon
Fedhas
Gozag
Hepliaklqana
Kikubaaqudgha
Makhleb
Nemelex Xobeh
Okawaru
Qazlal
Ru
Sif Muna
Trog
Uskayaw
Vehumet
Wu Jian
Xom
Yredelemnul
Zin
The Shining One
Jiyva

Shops:
D:1 (!*:   D:9 (

Annotations:
Snake:1 Louise


Innate Abilities, Weirdness & Mutations

You are small and have problems with some larger weapons.
You are completely attuned to the shadows.
[You have an uncontrollable temper.]
[You are very clumsy. (Dex -4)]
[Armour fits poorly on your strangely shaped body.]
[Your body often deteriorates upon taking damage.]
[You are very dopey. (Int -4)]
[You are extremely frail. (-30% HP)]
[Your magical capacity is very low. (-20% MP)]
[You frequently scream uncontrollably at your foes.]
[You do not regenerate when monsters are visible.]
[((You are often teleported next to monsters.))]
[You are very weak. (Str -4)]
[Your spells are easier to cast, but less powerful.]
[You sometimes lose the ability to read scrolls when taking damage.]


Message History

Deactivating autopickup; reactivate with Ctrl-A.
Something hits you.
* * * LOW HITPOINT WARNING * * *
Something bites you but does no damage.
An ancient zyme comes into view.
You scream at the ancient zyme!
You feel yourself growing ill in the presence of the ancient zyme.
Something hits you.
* * * LOW HITPOINT WARNING * * *
Something bites you but does no damage. Something hits you but does no damage.
Something bites you but does no damage.
The ancient zyme hits you but does no damage.
The ancient zyme barely misses you.
You feel ill. Something hits you but does no damage.
Something bites you but does no damage. You block the ancient zyme's attack.
The ancient zyme hits you but does no damage.
You feel ill.
A large abomination comes into view.
Something hits you but does no damage. Something bites you but does no damage.
The ancient zyme completely misses you.
The ancient zyme hits you but does no damage.
You feel ill.
Unknown command.
Unknown command.
A red film seems to cover your vision as you go berserk!
You feel yourself moving faster!
You feel mighty!
You slash the ancient zyme!
The ancient zyme is moderately damaged.
You slice something!!
You hit the large abomination but do no damage.
Something hits you.
* * * LOW HITPOINT WARNING * * *
Something bites you.
* * * LOW HITPOINT WARNING * * *
Something draws strength from your injuries!
The ancient zyme hits you but does no damage.
The ancient zyme hits you.
* * * LOW HITPOINT WARNING * * *
The large abomination hits you but does no damage.
Something hits you!
You die...

♣ .. . # . .
#. . # .. ....
....... #
.........#
...........#
..#....#X..##
.# ....x@...#
............##
..
.....†....#..
# ..........#
#
.............
............
.........
.........
.........


You could see an ancient zyme and a large abomination.

Vanquished Creatures
  A tentacled starspawn (Abyss:3)
  A cacodemon (Abyss:3)
  A reaper (Abyss:3)
  A white draconian (Abyss:3)
  Josephine (D:11)
  2 fire dragons (Lair:5)
  2 hydras (Lair:5)
  2 catoblepae
  5 death yaks (Lair:5)
  An anaconda (Snake:1)
  2 boulder beetles
  2 two-headed ogres
  Urug (D:11)
  2 thrashing horrors (Abyss:3)
  A shock serpent (Snake:1)
  Amaemon (Lair:3)
  2 wretched stars (Abyss:3)
  2 sixfirhies (Abyss:3)
  A shadow wraith (Abyss:3)
  A deep troll (D:10)
  A flayed ghost (D:10)
  A steelbarb worm (shapeshifter) (Abyss:3)
  A swamp dragon (Lair:5)
  A mana viper (Snake:1)
  A phantasmal warrior (Abyss:3)
  2 deep elf zephyrmancers (D:10)
  An orc knight (Bailey)
  2 lindwurms (Lair:5)
  2 manticores (D:11)
  A salamander (Snake:1)
  5 black mambas
  11 elephants
  3 rust devils (D:9)
  A merfolk siren (Lair:2)
  A smoke demon (D:9)
  A gargoyle (D:6)
  7 cane toads
  8 torpor snails
  An orange demon (Lair:3)
  Maggie (D:7)
  An efreet (Abyss:3)
  An unseen horror (D:10)
  A freezing wraith (D:10)
  4 rime drakes
  2 ancient zymes (Abyss:3)
  5 komodo dragons
  A queen bee (Lair:2)
  A troll (D:10)
  7 hornets
  6 large abominations (Abyss:3)
  Prince Ribbit (D:7)
  9 blink frogs
  4 tyrant leeches (Lair:5)
  6 dream sheep (Lair:4)
  6 polar bears
  14 raiju (Abyss:3)
  A ynoxinul (Abyss:3)
  Eustachio (D:4)
  A slime creature (D:10)
  6 wyverns
  4 basilisks
  71 yaks
  4 wraiths (D:11)
  A neqoxec (Abyss:3)
  2 chaos spawn (Abyss:3)
  4 steam dragons
  4 nagas
  13 water moccasins
  4 acid dragons (Lair:5)
  4 hell hounds (Abyss:3)
  2 swamp drakes (Lair:5)
  2 sky beasts
  6 black bears
  9 orc warriors (Bailey)
  3 ice beasts
  13 wolves
  2 ogres
  A kobold brigand (D:8)
  Blork the orc (D:4)
  12 bullfrogs
  4 necrophages (Lair:3)
  3 gnoll sergeants
  6 small abominations (Abyss:3)
  20 wights
  37 killer bees
  2 howler monkeys (D:9)
  3 electric eels
  5 hounds
  6 orc priests
  5 gnoll boudas
  2 iron imps (Abyss:3)
  2 sleepcaps
  6 iguanas
  Natasha (D:3)
  9 orc wizards
  6 hell rats (Lair:5)
  24 gnolls
  3 adders
  A shadow imp (D:8)
  A white imp (D:6)
  3 ufetubi
  A worm (D:3)
  36 orcs
  4 bats
  5 endoplasms
  A giant cockroach (D:3)
  2 goblins (D:4)
  6 hobgoblins
  6 quokkas
  8 ball pythons
  A frilled lizard (D:2)
  7 kobolds
  2 rats (D:1)
  2 starspawn tentacles (Abyss:3)
554 creatures vanquished.

Vanquished Creatures (others)
  An electric eel (D:6)
  An iron imp (Abyss:3)
  An iguana (D:5)
  A gnoll (D:8)
  A lurking horror (Abyss:3)
5 creatures vanquished.

Grand Total: 559 creatures vanquished

Notes
Turn   | Place    | Note
-------+----------+-------------------------------------------
     0 | D:1      | GigaChad the Kobold Fighter began the quest for the Orb.
     0 | D:1      | Reached XP level 1. HP: 14/14 MP: 1/1
   184 | D:1      | Reached XP level 2. HP: 19/19 MP: 2/2
   232 | D:1      | Found Wievun's Weapon Shop.
   588 | D:1      | Entered explore mode.
   618 | D:1      | Found Ybbo Wus's Book Shoppe.
   709 | D:1      | Found Sumeim's General Store.
   896 | D:1      | Found Gatakh's Distillery.
  1115 | D:2      | Found a radiant altar of Vehumet.
  1341 | D:2      | Reached XP level 3. HP: 22/23 MP: 3/3
  1435 | D:2      | Found a faded altar of an unknown god.
  1765 | D:3      | HP: 1/23 [poisoned by an adder]
  2032 | D:3      | Slain by an orc
                  | ... wielding a +4 hand axe of holy wrath
                  | (9 damage)
  2042 | D:3      | Reached XP level 4. HP: 8/28 MP: 4/4
  2049 | D:3      | Killed by divine providence
                  | ... invoked by an orc priest
                  | (17 damage)
  2051 | D:3      | Reached skill level 1 in Dodging
  2051 | D:3      | Reached skill level 1 in Stealth
  2051 | D:3      | Reached XP level 5. HP: 33/33 MP: 5/5
  2487 | D:3      | Noticed Natasha
  2495 | D:3      | Killed Natasha
  2942 | D:4      | Killed by divine providence
                  | ... invoked by an orc priest
                  | (12 damage)
  2950 | D:4      | Reached XP level 6. HP: 19/38 MP: 6/6
  3043 | D:4      | Found a staircase to the Ecumenical Temple.
  3059 | D:4      | Noticed an ogre
  3065 | D:4      | Mangled by an ogre
                  | ... wielding a +0 giant spiked club
                  | (28 damage)
  3067 | D:4      | Killed an ogre
  3093 | Temple   | Entered the Ecumenical Temple
  3132 | D:4      | Noticed Blork the orc
  3148 | D:4      | Slain by Blork the orc
                  | ... wielding a +0 heavy war axe
                  | (9 damage)
  3152 | D:4      | Killed Blork the orc
  3152 | D:4      | HP: 1/38 [gnoll/+0 halberd[a gnoll bouda] (1)]
  3153 | D:4      | Reached skill level 1 in Shapeshifting
  3153 | D:4      | Reached XP level 7. HP: 2/43 MP: 7/7
  3157 | D:4      | Slain by a gnoll
                  | ... wielding a +0 spear
                  | ... led by a gnoll bouda
                  | (3 damage)
  3308 | D:4      | Noticed Eustachio
  3327 | D:4      | Killed from afar by a white imp (6 damage)
                  | ... with a puff of frost
                  | ... summoned by Eustachio
  3336 | D:4      | HP: 2/43 [crimson imp[Eustachio] (3)]
  3340 | D:4      | Slain by Eustachio
                  | ... wielding a +2 rapier of electrocution
                  | (3 damage)
  3341 | D:4      | Killed Eustachio
  3942 | D:5      | Entered Level 5 of the Dungeon
  3983 | D:5      | Found a blossoming altar of Fedhas.
  4101 | D:5      | Found a stormy altar of Qazlal.
  4474 | D:5      | Reached XP level 8. HP: 40/48 MP: 8/8
  4780 | D:5      | Demolished by an ogre
                  | ... wielding a +0 giant spiked club
                  | (32 damage)
  5341 | D:6      | Killed by nerve-wracking pain
                  | ... invoked by an orc priest
                  | (13 damage)
  5416 | D:6      | Reached skill level 5 in Fighting
  5416 | D:6      | Reached skill level 5 in Axes
  5720 | D:6      | HP: 2/49 [black bear (6)]
  5721 | D:6      | Slain by a gnoll
                  | ... wielding a +0 whip
                  | ... led by a gnoll bouda
                  | (2 damage)
  5723 | D:6      | Reached XP level 9. HP: 36/54 MP: 9/9
  5727 | D:6      | Reached skill level 5 in Armour
  5937 | D:6      | Noticed a two-headed ogre
  5937 | D:6      | Noticed a gargoyle
  5937 | D:6      | Killed from afar by an electric eel (4 damage)
                  | ... with a bolt of electricity
  5939 | D:6      | Killed from afar by an electric eel (15 damage)
                  | ... with a bolt of electricity
  5940 | D:6      | Demolished by a two-headed ogre
                  | ... wielding a +0 giant spiked club
                  | (25 damage)
  5941 | D:6      | Killed from afar by an electric eel (13 damage)
                  | ... with a bolt of electricity
  5942 | D:6      | Slain by a two-headed ogre
                  | ... wielding a +0 giant spiked club
                  | (21 damage)
  5944 | D:6      | HP: 1/54 [two-headed ogre/+0 giant spiked club (26)]
  5944 | D:6      | Mangled by a steam dragon (9 damage)
  5946 | D:6      | Killed a two-headed ogre
  5946 | D:6      | Slain by a gargoyle
                  | ... wielding a +0 flail
                  | (15 damage)
  5947 | D:6      | Reached skill level 5 in Stealth
  5949 | D:6      | Killed a gargoyle
  5950 | D:6      | Reached XP level 10. HP: 57/60 MP: 10/10
  6698 | D:7      | Noticed Prince Ribbit
  6709 | D:7      | Slain by a gnoll
                  | ... wielding a +2 spear of freezing
                  | ... led by a gnoll bouda
                  | (8 damage)
  6722 | D:7      | Killed Prince Ribbit
  6946 | D:7      | HP: 1/60 [wight/+3 long sword (4)]
  6946 | D:7      | Slain by a wight
                  | ... wielding a +4 trident of freezing
                  | (2 damage)
  6948 | D:7      | Slain by a gnoll
                  | ... wielding a +0 halberd
                  | ... led by a gnoll sergeant
                  | (6 damage)
  7027 | D:7      | Noticed Maggie
  7035 | D:7      | HP: 2/57 [Maggie/+2 heavy war axe (12)]
  7035 | D:7      | Killed from afar by Maggie (14 damage)
                  | ... with a bolt of fire
  7039 | D:7      | Killed from afar by Maggie (27 damage)
                  | ... with a bolt of fire
  7046 | D:7      | Killed Maggie
  7154 | D:7      | Found a bloodstained altar of Trog.
  7230 | D:7      | Identified the +1 dagger of the Mind {flame, rPois rC++
                  | Str-5 SInv}
  7693 | D:8      | Found an ancient bone altar of Kikubaaqudgha.
  7706 | D:8      | Noticed a two-headed ogre
  7710 | D:8      | Mangled by a two-headed ogre
                  | ... wielding a +0 giant club
                  | (24 damage)
  7711 | D:8      | Killed a two-headed ogre
  7776 | D:8      | Reached skill level 5 in Dodging
  7828 | D:8      | HP: 2/61 [gnoll sergeant/+4 spear of venom (4)]
  7829 | D:8      | Slain by a gnoll
                  | ... wielding a +0 spear
                  | ... led by a gnoll sergeant
                  | (7 damage)
  7846 | D:8      | Found a flagged portal.
  7948 | Bailey   | Entered a bailey
  8098 | Bailey   | Noticed an orc knight
  8102 | Bailey   | Mangled by an orc knight
                  | ... wielding a +0 glaive
                  | (15 damage)
  8104 | Bailey   | HP: 1/61 [orc warrior/+0 spear (6)]
  8105 | Bailey   | Slain by an orc warrior
                  | ... wielding a +0 spear
                  | (3 damage)
  8108 | Bailey   | Killed an orc knight
  8108 | Bailey   | Mangled by an orc warrior
                  | ... wielding a +0 spear
                  | (19 damage)
  8109 | Bailey   | Reached XP level 11. HP: 58/66 MP: 11/11
  8819 | D:8      | Slain by a yak (6 damage)
  8831 | D:8      | Slain by a yak (12 damage)
  9080 | D:9      | HP: 3/67 [yak (5)]
  9081 | D:9      | Reached skill level 5 in Shields
  9082 | D:9      | Slain by a wight
                  | ... wielding a +0 halberd
                  | (7 damage)
  9128 | D:9      | Found Joekasm's Antique Weapon Shop.
  9148 | D:9      | Slain by a yak (12 damage)
  9285 | D:9      | HP: 2/67 [smoke demon (2)]
  9399 | D:9      | Slain by a rust devil (11 damage)
  9516 | D:9      | Reached XP level 12. HP: 53/73 MP: 12/12
  9622 | D:9      | Found a staircase to the Lair.
  9914 | D:9      | Found a burning altar of Makhleb.
  9920 | D:9      | Found a white marble altar of Elyvilon.
  9921 | D:9      | Found a shimmering altar of Xom.
  9967 | D:9      | Found an opulent altar of Gozag.
 10261 | D:10     | Entered Level 10 of the Dungeon
 10309 | D:10     | Found a runed translucent door.
 10311 | D:10     | Noticed a boulder beetle
 10311 | D:10     | Noticed a flayed ghost
 10311 | D:10     | Noticed a deep troll
 10444 | D:10     | Killed from afar by a deep elf zephyrmancer (25 damage)
                  | ... with a bolt of lightning
 10450 | D:10     | Reached skill level 5 in Shapeshifting
 10457 | D:10     | Mangled by a flayed ghost (18 damage)
 10459 | D:10     | Killed a flayed ghost
 10464 | D:10     | Mangled by a freezing wraith (23 damage)
 10469 | D:10     | Slain by a deep troll (14 damage)
 10476 | D:10     | HP: 1/74 [deep troll (7)]
 10476 | D:10     | Mangled by a deep troll (11 damage)
 10477 | D:10     | Killed a deep troll
 10518 | D:10     | Killed a boulder beetle
 10798 | D:10     | Killed by divine providence
                  | ... invoked by an orc priest
                  | (14 damage)
 11384 | D:11     | Noticed Urug
 11394 | D:11     | Demolished by Urug
                  | ... wielding a +2 battleaxe
                  | (20 damage)
 11398 | D:11     | HP: 1/75 [manticore (3)]
 11398 | D:11     | Slain by a manticore (3 damage)
 11401 | D:11     | Slain by a manticore (15 damage)
 11404 | D:11     | HP: 2/75 [Urug/+2 battleaxe (13)]
 11404 | D:11     | Mangled by a manticore (9 damage)
 11406 | D:11     | Killed Urug
 11407 | D:11     | Reached XP level 13. HP: 28/80 MP: 13/13
 11411 | D:11     | HP: 3/80 [manticore (4)]
 11495 | D:11     | Noticed Josephine
 11503 | D:11     | Killed Josephine
 11731 | Lair:1   | Entered Level 1 of the Lair of Beasts
 12068 | Lair:1   | Noticed a catoblepas
 12076 | Lair:1   | Killed a catoblepas
 12251 | Lair:1   | Reached skill level 10 in Axes
 13019 | Lair:2   | You fall into a shaft and drop 1 floor!
 13058 | Lair:3   | HP: 4/80 [komodo dragon (13)]
 13059 | Lair:3   | Mangled by a komodo dragon (14 damage)
 13260 | Lair:3   | Noticed Amaemon
 13270 | Lair:3   | Killed Amaemon
 13579 | Lair:3   | Reached skill level 10 in Stealth
 14450 | Lair:4   | Reached XP level 14. HP: 75/87 MP: 14/14
 14526 | Lair:4   | HP: 2/87 [elephant (3)]
 14527 | Lair:4   | Slain by a torpor snail (8 damage)
 14688 | Lair:4   | Found a viscous altar of Jiyva.
 14688 | Lair:4   | Found a staircase to the Slime Pits.
 14802 | Lair:4   | Reached skill level 10 in Fighting
 15192 | Lair:5   | Entered Level 5 of the Lair of Beasts
 15292 | Lair:5   | Slain by an elephant (11 damage)
 15309 | Lair:5   | HP: 4/88 [elephant (2)]
 15488 | Lair:5   | Reached skill level 10 in Armour
 15495 | Lair:5   | Slain by a ten-headed hydra (10 damage)
 15500 | Lair:5   | Slain by a 13-headed hydra (10 damage)
 15503 | Lair:5   | HP: 3/88 [15-headed hydra (11)]
 15503 | Lair:5   | Mangled by a 15-headed hydra (10 damage)
 15505 | Lair:5   | Slain by a 17-headed hydra (6 damage)
 15549 | Lair:5   | HP: 4/88 [poisoned by a cane toad]
 15549 | Lair:5   | Slain by a cane toad (8 damage)
 15559 | Lair:5   | Slain by a polar bear (13 damage)
 15729 | Lair:5   | Slain by a death yak (8 damage)
 15736 | Lair:5   | Slain by a death yak (14 damage)
 15744 | Lair:5   | HP: 2/88 [death yak (13)]
 15745 | Lair:5   | Demolished by a death yak (18 damage)
 15986 | Lair:5   | Slain by a catoblepas (12 damage)
                  | ... while petrified by a catoblepas
 16039 | Lair:5   | Found a runed translucent door.
 16085 | Lair:5   | Paralysed by a hornet for 3 turns
 16087 | Lair:5   | HP: 2/88 [tyrant leech (10)]
 16088 | Lair:5   | Mangled by a tyrant leech (14 damage)
 16095 | Lair:5   | Mangled by a tyrant leech (23 damage)
 16111 | Lair:5   | Demolished by a tyrant leech (22 damage)
 16165 | Lair:5   | HP: 2/88 [lindwurm/blast of flame (15)]
 16166 | Lair:5   | Slain by a tyrant leech (4 damage)
 16190 | Lair:5   | Reached XP level 15. HP: 12/93 MP: 15/15
 16299 | Lair:5   | Slain by a tyrant leech (21 damage)
 16715 | Lair:5   | Killed from afar by an acid dragon (14 damage)
                  | ... with a splash of acid
 16764 | Lair:5   | Killed from afar by a fire dragon (20 damage)
                  | ... with a blast of flame
 17237 | Lair:2   | Found a staircase to the Snake Pit.
 17253 | Lair:2   | HP: 3/93 [yak (4)]
 17255 | Lair:2   | Slain by a yak (9 damage)
 17869 | Lair:2   | Found a staircase to the Shoals.
 18087 | Snake:1  | Entered Level 1 of the Snake Pit
 18186 | Snake:1  | Killed from afar by a shock serpent (29 damage)
                  | ... with a bolt of electricity
 18430 | Snake:1  | Slain by a black mamba (9 damage)
 18621 | Snake:1  | Noticed Louise
 18650 | Abyss:3  | Cast into level 3 of the Abyss (Louise)
 18680 | Abyss:3  | Found a corrupted altar of Lugonu.
 18724 | Abyss:3  | Killed from afar by a wretched star (15 damage)
                  | ... with a lance of force
 18941 | Abyss:3  | Killed from afar by a raiju (12 damage)
                  | ... with a living lightning
 19039 | Abyss:3  | Noticed a cacodemon
 19040 | Abyss:3  | Gained mutation: [You occasionally lose the ability to read
                  | scrolls when taking damage.] [a cacodemon]
 19046 | Abyss:3  | Killed a cacodemon
 19052 | Abyss:3  | HP: 1/66 [phantasmal warrior[a death knight] (11)]
 19055 | Abyss:3  | Slain by a chaos spawn (8 damage)
 19105 | Abyss:3  | HP: 3/66 [raiju (3)]
 19105 | Abyss:3  | Slain by a raiju (7 damage)
 19109 | Abyss:3  | Slain by a sixfirhy (10 damage)
 19111 | Abyss:3  | HP: 1/66 [sixfirhy (6)]
 19111 | Abyss:3  | Mangled by a sixfirhy (12 damage)
 19119 | Abyss:3  | Slain by a sixfirhy (11 damage)
 19125 | Abyss:3  | Noticed a lich
 19128 | Abyss:3  | Killed from afar by a lich (75 damage)
                  | ... with a bolt of cold
 19132 | Abyss:3  | Succumbed to barbed spike wounds
 19166 | Abyss:3  | Killed from afar by a raiju (27 damage)
                  | ... with a living lightning
 19174 | Abyss:3  | Found a corrupted altar of Lugonu.
 19263 | Abyss:3  | HP: 2/76 [chaos spawn (9)]
 19264 | Abyss:3  | Slain by a thrashing horror (2 damage)
 19292 | Abyss:3  | Killed from afar by an efreet (20 damage)
                  | ... with a bolt of fire
 19317 | Abyss:3  | Found a corrupted altar of Lugonu.
 19388 | Abyss:3  | Noticed a reaper
 19393 | Abyss:3  | Slain by a reaper
                  | ... wielding a +3 scythe of protection
                  | (19 damage)
 19398 | Abyss:3  | Demolished by a reaper
                  | ... wielding a +3 scythe of protection
                  | (24 damage)
 19402 | Abyss:3  | Demolished by a reaper
                  | ... wielding a +3 scythe of protection
                  | (27 damage)
 19407 | Abyss:3  | Killed a reaper
 19408 | Abyss:3  | Reached skill level 10 in Dodging
 19418 | Snake:1  | Escaped the Abyss
 19427 | Snake:1  | Mangled by Louise
                  | ... wielding a +0 morningstar of protection
                  | (17 damage)
 19432 | Abyss:3  | Cast into level 3 of the Abyss (Louise)
 19492 | Abyss:3  | Noticed a tentacled starspawn
 19502 | Abyss:3  | Slain by a large abomination (25 damage)
 19539 | Abyss:3  | Killed from afar by a raiju (20 damage)
                  | ... with a living lightning
 19543 | Abyss:3  | Killed a tentacled starspawn
 19546 | Abyss:3  | HP: 1/95 [large abomination (14)]
 19547 | Abyss:3  | Slain by a large abomination (7 damage)
 19586 | Abyss:3  | Lost intelligence.
 19592 | Abyss:3  | Reached XP level 16. HP: 11/70 MP: 12/12
 19608 | Abyss:3  | Slain by a vampire

Illustrated notes

Levels and vault maps discovered:
D:1:      ncdulo_wetmaze, layout_basic, serial_shops,
          nicolae_shop_real_fake_doors, nicolae_shop_trees,
          nicolae_book_shop_shelving, shop, grunt_decor_one_mirror
D:2:      layout_loops_ring, basic_altar, nicolae_ecumenical_oubliette
D:3:      layout_loops_ring, nrook_campfire, st_stairs_2, uniq_natasha
D:4:      layout_basic, minmay_temple_entry_stoned_glass, minmay_goblin_outpost,
          uniq_blork_the_orc, uniq_eustachio
D:5:      layout_gridville, kennysheep_mini_moat, grunt_qazlal_clouds,
          minmay_holes
D:6:      kennysheep_big_flooded_room, layout_basic, lemuel_flame_loot_1
D:7:      layout_rooms, mainiacjoe_overflow_concentric_impassable,
          minmay_crossroads, uniq_maggie, uniq_prince_ribbit1
D:8:      layout_gridville, nicolae_kikubaaqudgha_miasma_corner, enter_bailey_1,
          nicolae_figureground_pulse
D:9:      layout_basic, general_overflow_altar, minitemple,
          hellmonk_lair_entry_icy, serial_shops, nicolae_shop_crystal,
          nicolae_where_there's_smoke
D:10:     minmay_gate_of_8, layout_loops_cross, hex_medium,
          hangedman_decor_clover_reticule, grunt_ministairs_10,
          palyth_stone_intersect
D:11:     layout_rooms, nicolae_the_louvre, uniq_josephine, uniq_urug
Temple:   eino_temple_lava
Lair:1:   hellmonk_destroyed_diamonds, layout_cave_pods, lemuel_fruit_tree
Lair:2:   layout_misc_corridors, minmay_shoals_entry_lonely_mermaid,
          guppyfry_snake_entry_island, special_room [special_room_bee],
          amcnicky_mini_pool_medium, serial_bayou_shore_b
Lair:3:   layout_hall_layers, roderic_carrion_pond, serial_bayou_shore_a,
          grunt_megastairs_4, uniq_amaemon
Lair:4:   layout_loops_ring, dpeg_slime_entry_enclosed
Lair:5:   wormcave, layout_long_grid, guppyfry_lair_end_dragon,
          wad_woods_river_03, dreamdust_gnoll_shepherd
Snake:1:  layout_rooms, nicolae_triple_integral, serial_bayou_shore_b,
          uniq_louise
Abyss:3:  base: D:4, evilmike_abyss_exit_17, spicy_abyss_planar_alliance,
          evilmike_abyss_exit_15, evilmike_abyss_exit_14, base:
Lair:5

Skill      XL: |  1  2  3  4  5  6  7  8  9 10 11 12 13 14 15 |
---------------+----------------------------------------------+-----
Axes           | 2 3 4 5 6 7 8 9 10 11 12 | 12.6
Armour         | 3 4 5 6 7 8 9 10 11 | 11.2
Dodging        | 1 2 3 4 5 6 7 8 9 10 | 10.0
Stealth        | 1 2 3 4 5 6 7 9 10 11 12 | 12.0
Fighting       | 4 5 6 7 8 9 10 11 | 11.5
Shields        | 3 4 5 6 7 |  7.5
Shapeshifting  | 1 2 3 4 5 6 7 |  7.4

Action                     |  1- 3 |  4- 6 |  7- 9 | 10-12 | 13-15 | 16-18 || total
---------------------------+-------+-------+-------+-------+-------+-------++-------
  Melee: War axe           |    92 |    90 |   175 |   519 |   966 |     1 ||  1843
    Use: Scroll            |       |     5 |     1 |    13 |     7 |       ||    26
   Stab: Sleeping          |       |       |       |     7 |       |       ||     7
         Distracted        |       |       |       |     1 |       |       ||     1
 Armour: Scale mail        |    59 |    36 |       |       |       |       ||    95
         Chain mail        |       |    34 |   378 |   529 |       |       ||   941
         Crystal plate arm |       |       |       |   471 |  2285 |    21 ||  2777
  Dodge: Dodged            |    45 |    38 |   206 |   484 |   689 |     2 ||  1464
  Block: Buckler           |    18 |    14 |    86 |   276 |   502 |     1 ||   897

Table legend: (Time is in decaauts)
 A = Elapsed time spent in this place.
 B = Non-inter-level travel time spent in this place.
 C = Inter-level travel time spent in this place.
 D = Time resting spent in this place.
 E = Time spent auto-exploring this place.
 F = Levels seen in this place.
 G = Mean time per level.
                   A        B        C        D        E       F      G
               +--------+--------+--------+--------+--------+-----+--------+
         Total |  20831 |  19987 |    844 |    152 |  14535 |  21 |  992.0 |
       Dungeon |  11789 |  11171 |    618 |    138 |   8727 |  11 | 1071.7 |
        Temple |     13 |     13 |      0 |      0 |      0 |   1 |   13.0 |
          Lair |   6770 |   6544 |    226 |      0 |   4992 |   5 | 1354.0 |
     Snake Pit |    609 |    609 |      0 |      0 |    444 |   1 |  609.0 |
         Abyss |   1069 |   1069 |      0 |     14 |     82 |   2 |  534.5 |
        Bailey |    579 |    579 |      0 |      0 |    290 |   1 |  579.0 |
               +--------+--------+--------+--------+--------+-----+--------+

Top non-repeatable levels by time:
  Lair:5: 2086 daAuts
     D:5: 1493 daAuts
  Lair:3: 1441 daAuts
     D:9: 1377 daAuts
     D:6: 1362 daAuts
    D:10: 1325 daAuts
     D:8: 1255 daAuts
  Lair:2: 1197 daAuts
     D:3: 1144 daAuts
     D:4: 1135 daAuts
  Lair:1: 1082 daAuts
 Abyss:3: 1069 daAuts
     D:1: 1020 daAuts
  Lair:4: 962 daAuts
     D:2: 743 daAuts
